 Seeded DCSS version 0.27.1-33-g824d729ab1 (webtiles) character file.

Game seed: 20211125 (custom seed)

51 SmokeWeed the Slasher (level 3, -11/30 HPs)
             Began as a Minotaur Gladiator on Nov 25, 2021.
             Mangled by Crazy Yiuf (20 damage)
             ... on level 2 of the Dungeon.
             The game lasted 00:01:33 (978 turns).

SmokeWeed the Slasher (Minotaur Gladiator)           Turns: 978, Time: 00:01:35

Health: -11/30     AC:  3    Str: 18    XL:     3   Next: 57%
Magic:  11/11      EV: 12    Int:  6    God:
Gold:   39         SH:  0    Dex: 11    Spells: 2/2 levels left

rFire    . . .     SeeInvis .   a - +0 long sword
rCold    . . .     Faith    .   (no shield)
rNeg     . . .     Spirit   .   b - +0 leather armour
rPois    +         Reflect  .   c - +0 hat
rElec    .         Harm     .   (no cloak)
rCorr    .         Rampage  .   (no gloves)
Will     .....                  (no boots)
Stlth    +.........             (no amulet)
HPRegen  0.10/turn              g - ring of poison resistance
MPRegen  0.12/turn              i - ring of magical power

@: no status effects
A: horns 2, retaliatory headbutt
a: no special abilities


You were on level 2 of the Dungeon.
You visited 1 branch of the dungeon, and saw 2 of its levels.

You collected 39 gold pieces.

Inventory:

Hand Weapons
 a - a +0 long sword (weapon)
Missiles
 d - 3 throwing nets
 e - 25 sling bullets
 j - 7 boomerangs (quivered)
Armour
 b - a +0 leather armour (worn)
 c - a +0 hat (worn)
Jewellery
 g - a ring of poison resistance (left hand)
 i - a ring of magical power (right hand)
Potions
 f - 2 potions of flight {unknown}
 h - 2 potions of attraction {unknown}


   Skills:
 + Level 2.7 Fighting
 + Level 4.7 Long Blades
 + Level 2.1 Throwing
 + Level 0.4 Armour
 + Level 3.9 Dodging


You had 2 spell levels left.
You didn't know any spells.
Your spell library was empty.

Dungeon Overview and Level Annotations

Branches:
Dungeon (2/15)

Altars:

Annotations:
D:2 Crazy Yiuf


Innate Abilities, Weirdness & Mutations

You have a pair of horns on your head.
You reflexively headbutt those who attack you in melee.


Message History

The adder is moderately wounded.
The adder misses you.
You riposte.
You hit the adder but do no damage.
The adder is moderately wounded.
The adder barely misses you.
You slash the adder!
You kill the adder!
No target in view!
No target in view!
HP restored.
Found a mace.
No target in view!
Found a mace.
You see here a +0 mace.
Found two maces.
Found a runed translucent door.
You see here a +0 mace.
Found a mace.
Crazy Yiuf shouts!
You see here a +0 mace.
Crazy Yiuf sings, "Trees, trees, trees, circus!"
Sorry, you're not good enough to have a special ability.
You open the door.
Throw: 7 boomerangs
Press: ? - help, Q - select action, (/) - cycle Shift-Dir - straight line, f - Crazy Yiuf
Aim: Crazy Yiuf, wielding a +2 quarterstaff of chaos and wearing a +0 cloak (61% to hit)
You throw a boomerang. The boomerang hits Crazy Yiuf!
Crazy Yiuf is heavily wounded.
Crazy Yiuf barely misses you.
You riposte.
You hit Crazy Yiuf. Your headbutt misses Crazy Yiuf.
Crazy Yiuf is severely wounded.
You closely miss Crazy Yiuf. Your headbutt misses Crazy Yiuf.
Crazy Yiuf is severely wounded.
Crazy Yiuf hits you with a +2 quarterstaff of chaos.
You hit Crazy Yiuf. Your headbutt misses Crazy Yiuf.
Crazy Yiuf is almost dead.
Crazy Yiuf hits you with a +2 quarterstaff of chaos!
Ouch! That really hurt!
* * * LOW HITPOINT WARNING * * *
You are electrocuted!!
Ouch! That really hurt!
You die...

####........
#.######.# #.........
#.######## ####.#
.....#### #.##....##♣♣
### #.##.##...P♣♣
♣♣#..)#
..........P.♣♣♣♣@g.).#
.....#....P..♣).♣#...#
#.####.#...)♣)♣♣♣ ###
#.# #.###♣♣♣♣♣ # #. ..
#. .# #


You could see Crazy Yiuf.

Vanquished Creatures
  An adder (D:2)
  3 dart slugs (D:1)
  4 ball pythons (D:1)
  4 bats
  5 endoplasms (D:1)
  A giant cockroach (D:1)
  A hobgoblin (D:1)
  4 jackals (D:1)
  A quokka (D:1)
  3 frilled lizards
  2 goblins (D:1)
  2 kobolds (D:1)
  2 rats (D:1)
33 creatures vanquished.

Notes
Turn   | Place    | Note
-------+----------+-------------------------------------------
     0 | D:1      | SmokeWeed the Minotaur Gladiator began the quest for the
                  | Orb.
     0 | D:1      | Reached XP level 1. HP: 18/18 MP: 0/0
   151 | D:1      | Reached XP level 2. HP: 25/25 MP: 1/1
   255 | D:1      | Reached skill level 4 in Long Blades
   446 | D:1      | Reached XP level 3. HP: 30/30 MP: 2/2
   890 | D:2      | Found a faded altar of an unknown god.
   971 | D:2      | Found a runed translucent door.
   972 | D:2      | Noticed Crazy Yiuf
   978 | D:2      | Mangled by Crazy Yiuf

Illustrated notes

Levels and vault maps discovered:
D:1:      doesnt_arrival_eight_statues, layout_basic
D:2:      minmay_door_path, layout_loops_ring,
          hellmonk_ecumenical_altar_pennies_from_heaven,
          uniq_crazy_yiuf_cottage, uniq_natasha

Skill      XL: |  1  2 |
---------------+-------+-----
Long Blades    | 4 |  4.7
Fighting       | |  2.7
Throwing       | |  2.1
Armour         | |  0.4
Dodging        | |  3.9

Action                   || total
-------------------------++-------
Melee: Long sword        ||    63
       Headbutt          ||     8
Throw: Boomerang         ||     1
  Use: Scroll            ||     2
Armor: Leather armour    ||    20
Dodge: Dodged            ||    54
       Rpst.: Long sword ||    14
